 Dungeon Crawl Stone Soup version 0.14.0-18-g0341e45 (webtiles) character file.

160 Duskembrace the Ducker (level 3, -3/25 HPs)
             Began as a Felid Berserker on Apr 20, 2014.
             Was a Believer of Trog.
             Killed from afar by Sigmund (9 damage)
             ... with a puff of flame
             ... on Level 3 of the Dungeon.
             The game lasted 00:06:00 (2696 turns).

Duskembrace the Ducker (Felid Berserker)            Turns: 2696, Time: 00:06:01

HP  -3/25        AC  1     Str 19      XL: 3   Next: 71%
MP   5/5         EV 20     Int  8      God: Trog [**....]
Gold 104         SH  0     Dex 15      Spells:  0 memorised,  2 levels left
Lives: 0, deaths: 0

rFire  . . .     SeeInvis +       - Unarmed
rCold  . . .     Clarity  .     (armour unavailable)
rNeg   . . .     Conserve .     (shield unavailable)
rPois  .         rCorr    .     (helmet unavailable)
rElec  .         rRot     .     (cloak unavailable)
SustAb . .       Spirit   .     (gloves unavailable)
rMut   .         Warding  .     (boots unavailable)
Saprov . . .     Stasis   .     (no amulet)
MR     .....                    (no ring)
                                (no ring)

@: berserking (expiring), very quick, not resistant to hostile enchantments,
extremely unstealthy
A: paw claws, no armour, no weapons or thrown items, fangs 3, see invisible,
carnivore 3, speed 1, shaggy fur 1, slow metabolism 1, jump 1
a: Jump Attack, Burn Spellbooks, Berserk, Trog's Hand, Renounce Religion


You were on level 3 of the Dungeon.
You worshipped Trog.
Trog was pleased with you.
You were not hungry.

You visited 1 branch of the dungeon, and saw 3 of its levels.

You collected 104 gold pieces.

Inventory:

Comestibles
 c - a meat ration
Scrolls
 a - a scroll of teleportation {unknown}
 b - 3 scrolls of remove curse {unknown}
 e - 5 scrolls of identify {unknown}
 i - a scroll of fog {unknown}
 m - a scroll of recharging {unknown}
Potions
 d - 2 potions of curing {unknown}
 f - 2 potions of brilliance {unknown}
 g - a potion of confusion {unknown}
 h - a potion of might {unknown}
 j - a potion of mutation {unknown}
 k - a potion of cure mutation {unknown}
 l - a potion of degeneration {unknown}


   Skills:
 - Level 3.0 Fighting
 + Level 5.2 Dodging
 + Level 2.0 Stealth
 + Level 3.6 Unarmed Combat


You had 2 spell levels left.
You didn't know any spells.

Dungeon Overview and Level Annotations

Branches:
Dungeon (3/15)

Altars:
Dithmenos

Annotations:
D:3 Sigmund


Innate Abilities, Weirdness & Mutations

You cannot wear armour.
You are incapable of wielding weapons or throwing items.
Your paws have sharp claws.
You have razor-sharp teeth.
You have supernaturally acute eyesight.
You are carnivorous and can eat meat at any time.
You cover ground quickly.
You are covered in fur (AC +1).
You have a slow metabolism.
You can jump attack at a short distance.


Message History

The magic dart hits you!
Use which ability? (? or * to list)
A red film seems to cover your vision as you go berserk!
You feel yourself moving faster!
You feel mighty!
You feel somewhat more hungry.
Sigmund zaps a wand.
The puff of flame misses you.
You feel a strong urge to attack something.
Found a spear.
Sigmund points at you and mumbles some strange words.
The magic dart hits you!
* * * LOW HITPOINT WARNING * * *
You feel your anger subside.
You closely miss Sigmund.
Sigmund zaps a wand.
The puff of flame misses you.
You scratch Sigmund.
Sigmund begins to bleed from his wounds!
Your bite misses Sigmund.
Sigmund is lightly wounded.
Sigmund gestures at you while chanting. The puff of flame hits you!
You die...

.......# ##..#..#
. #. #.# .##) ...
#... ... ... .#
..# ## #.# ...
####@###.....
####..
##.##...@.....###
.>....
.................
####..#
#.###.##.###.###.
#. (##.# #%##.# #
#.#. #.###.##.#
.###. ## #...
#.#...##$###.....#
.# #...
.......[..........
.# ..#
#####.....#.#.####
.# ##.# ###
#..##.........


You could see Sigmund (bleeding).

Vanquished Creatures
  2 adders (D:2)
  A giant mite (D:2)
  An orc (D:3)
  7 goblins
  5 hobgoblins
  3 kobolds (D:2)
  5 bats
  A giant gecko (D:2)
  A giant newt (D:2)
  7 rats
33 creatures vanquished.

Notes
Turn   | Place    | Note
--------------------------------------------------------------
     0 | D:1      | Duskembrace, the Felid Berserker, began the quest for the Orb.
     0 | D:1      | Reached XP level 1. HP: 10/10 MP: 2/2
  1021 | D:2      | Reached XP level 2. HP: 14/14 MP: 3/3
  1309 | D:2      | Reached skill level 1 in Stealth
  1453 | D:2      | Reached XP level 3. HP: 17/17 MP: 5/5
  1527 | D:2      | Acquired Trog's second power
  1540 | D:2      | Reached skill level 5 in Dodging
  2614 | D:3      | Found a shadowy altar of Dithmenos.
  2687 | D:3      | Noticed Sigmund
  2696 | D:3      | Killed from afar by Sigmund

Action                   || total
-------------------------++-------
Melee: Unarmed           ||   107
Invok: Berserk           ||     1
       Trog's Hand       ||     1
 Stab: Sleeping          ||     4
